 Dungeon Crawl Stone Soup version 0.22-a0-412-g2b68d14 (webtiles) character file.

1161 Borgoz the Chopper (level 8, -9/49 HPs)
             Began as a Gargoyle Abyssal Knight on May 12, 2018.
             Was a Priest of Lugonu.
             Killed by divine providence
             ... invoked by an orc priest
              (16 damage)
             ... on level 7 of the Dungeon.
             The game lasted 00:08:37 (7075 turns).

Borgoz the Chopper (Gargoyle Abyssal Knight)        Turns: 7075, Time: 00:08:38

Health: -9/49      AC: 12    Str: 17    XL:     8   Next: 39%
Magic:  11/11      EV: 11    Int: 12    God:    Lugonu [***...]
Gold:   421        SH:  0    Dex: 11    Spells: 7/7 levels left

rFire    . . .     SeeInvis .   a - +1 hand axe
rCold    . . .     Gourm    .   (no shield)
rNeg     + . .     Faith    +   h - +0 scale mail
rPois    ∞         Spirit   .   (no helmet)
rElec    +         Reflect  .   (no cloak)
rCorr    .         Harm     .   (no gloves)
MR       .....                  (no boots)
Stlth    ..........             D - amulet of faith
HPRegen  0.16/turn              (no ring)
MPRegen  0.12/turn              (no ring)

@: no status effects
A: negative energy resistance 1, electricity resistance, unbreathing,
petrification resistance, rot immunity, AC +5
a: Depart the Abyss, Bend Space, Banish, Renounce Religion


You were on level 7 of the Dungeon.
You worshipped Lugonu.
Lugonu was most pleased with you.
You were not hungry.

You visited 2 branches of the dungeon, and saw 9 of its levels.
You visited the Abyss 1 time.

You collected 421 gold pieces.

Inventory:

Hand Weapons
 a - a +1 hand axe (weapon)
Missiles
 u - a throwing net (quivered)
Armour
 b - a +0 leather armour
 h - a +0 scale mail (worn)
Jewellery
 s - an uncursed amulet of magic regeneration {unknown}
 A - an uncursed ring of flight {unknown}
 D - an amulet of faith (around neck)
Wands
 x - a wand of random effects (13)
 z - a wand of disintegration (7)
 C - a wand of paralysis (13)
Scrolls
 j - 4 scrolls of teleportation {unknown}
 m - a scroll of noise {unknown}
 o - a scroll of blinking {unknown}
 p - a scroll of immolation {unknown}
 q - a scroll of identify
 t - 2 scrolls of remove curse {unknown}
 v - a scroll of fear {unknown}
 w - 2 scrolls of enchant weapon {unknown}
 y - 2 scrolls of amnesia {unknown}
Potions
 d - a potion of invisibility
 e - 2 potions of cancellation
 f - 4 potions of curing
 g - 3 potions of flight
 i - a potion of might {unknown}
 k - a potion of brilliance
 l - a potion of agility {unknown}
 n - 2 potions of mutation
 r - a potion of magic
Comestibles
 c - 16 rations


   Skills:
 + Level 5.2 Fighting
 * Level 5.5 Axes
 + Level 4.8 Armour
 + Level 3.2 Dodging
 + Level 4.6 Invocations


You had 7 spell levels left.
You didn't know any spells.
Your spell library was empty.

Dungeon Overview and Level Annotations

Branches:
Dungeon (8/15)             Temple (1/1) D:4
   Lair: D:8-11

Altars:
Elyvilon
Gozag
Hepliaklqana
Kikubaaqudgha
Makhleb
Nemelex Xobeh
Okawaru
Ru
Trog
Uskayaw
Wu Jian
Xom
Zin
Lugonu


Innate Abilities, Weirdness & Mutations

You are resistant to torment.
Your stone body is resilient. (AC +5)
You are immune to poison.
You resist negative energy. (rN+)
You are resistant to electric shocks. (rElec)
You can survive without breathing.
You are immune to petrification.
You are immune to rotting.


Message History

You hit the water moccasin zombie. You barely miss the orc.
The orc hits you but does no damage. The water moccasin zombie misses you.
You hit the water moccasin zombie.
The water moccasin zombie is moderately damaged.
You hit the orc warrior but do no damage.
You hit the orc. The orc warrior hits you with a flail!
The water moccasin zombie bites you but does no damage.
The orc barely misses you.
You barely miss the water moccasin zombie.
The water moccasin zombie is moderately damaged.
You closely miss the orc warrior. You hit the orc.
The water moccasin zombie bites you. The orc warrior hits you with a flail!
The orc hits you but does no damage.
The orc priest calls down the wrath of Beogh upon you.
Beogh smites you!
* * * LOW HITPOINT WARNING * * *
The water moccasin zombie bites you but does no damage.
The orc priest mumbles some strange prayers to Beogh against you.
Beogh smites you!
You die...

#....>....# #......)..#
...# #..<[.....# ...#
#.........# ...#
##.........#######...#
.'......)..#.....#..[#
.#.........#.....#...#
.#<#########.....#)..#$#
.#.........'....@Zoo...#
.###########.....#o..###
. #.....##### . #######
.


You could see an orc warrior, an orc priest, an orc and a water moccasin zombie.

Vanquished Creatures
  An ice beast (D:6)
  An ogre (D:6)
  2 bullfrogs
  A scorpion (D:5)
  3 wights (D:6)
  2 howler monkeys
  A jelly (D:6)
  3 orc priests
  A centaur skeleton (D:5)
  An orc wizard (D:4)
  Jessica (D:2)
  An iguana (D:4)
  5 worker ants
  11 adders
  2 shadow imps (D:5)
  An ooze (D:4)
  5 worms
  2 dart slugs
  5 leopard geckos
  20 orcs
  6 giant cockroaches
  4 goblins
  5 hobgoblins
  13 jackals
  3 quokkas
  3 ball pythons
  6 bats
  A frilled lizard (D:3)
  9 kobolds
  A quokka skeleton (D:4)
  4 rats
124 creatures vanquished.

Notes
Turn   | Place    | Note
-------+----------+-------------------------------------------
     0 | Abyss:1  | Borgoz the Gargoyle Abyssal Knight began the quest for the Orb.
     0 | Abyss:1  | Reached XP level 1. HP: 14/14 MP: 2/2
    36 | Abyss:2  | Noticed a red very ugly thing
    36 | Abyss:2  | Noticed a red very ugly thing
    43 | Abyss:2  | Noticed a red very ugly thing
    53 | D:1      | Escaped the Abyss
   157 | D:1      | Reached XP level 2. HP: 12/19 MP: 3/3
   166 | D:1      | Reached skill level 1 in Dodging
   349 | D:1      | Reached * piety under Lugonu
   493 | D:1      | Reached XP level 3. HP: 22/23 MP: 4/4
  1325 | D:2      | Noticed Jessica
  1332 | D:2      | Killed Jessica
  1332 | D:2      | Reached XP level 4. HP: 28/29 MP: 5/5
  1632 | D:2      | Reached XP level 5. HP: 33/33 MP: 6/6
  1638 | D:2      | Found a sparkling altar of Nemelex Xobeh.
  2758 | D:3      | Reached ** piety under Lugonu
  2764 | D:3      | Found a faded altar of an unknown god.
  2818 | D:3      | Found an opulent altar of Gozag.
  2819 | D:3      | Found a glowing silver altar of Zin.
  2975 | D:3      | Reached XP level 6. HP: 32/38 MP: 8/8
  3385 | D:4      | Found a staircase to the Ecumenical Temple.
  3448 | Temple   | Entered the Ecumenical Temple
  3672 | D:4      | Found an iron altar of Okawaru.
  4145 | D:5      | Entered Level 5 of the Dungeon
  4261 | D:5      | Reached XP level 7. HP: 8/44 MP: 9/9
  5420 | D:6      | Reached *** piety under Lugonu
  6048 | D:6      | Reached skill level 5 in Axes
  6116 | D:6      | Reached skill level 5 in Fighting
  6116 | D:6      | Reached XP level 8. HP: 49/49 MP: 11/11
  6120 | D:6      | Found an ancient bone altar of Kikubaaqudgha.
  6660 | D:6      | Found a burning altar of Makhleb.
  6660 | D:6      | Noticed a balrug
  6663 | D:6      | Noticed an orange demon
  6663 | D:6      | Noticed a smoke demon
  7075 | D:7      | Killed from afar by an orc priest

Vault maps used:
D:1:      lightli_arrival_statuegarden
D:2:      nemelex_xobeh_ov_fountains_minmay, minmay_cupped, uniq_jessica
D:3:      grunt_temple_overflow_gold_and_silver, chequers_ecumenical_altar_lobes
D:4:      minmay_temple_entry_nine_rooms, first_ration, okawaru_gym_becter
D:6:      kennysheep_spiral_hall, kiku_gazebo_pond_becter,
          makhleb_altar_promises_db
D:7:      lemuel_round_altar, basic_altar, serial_shops, shop
D:8:      overflow_temple_1_default, hangedman_little_slice_of_home
Temple:   corrupted_temple
Abyss:1:  evilmike_abyss_exit_kraken
Abyss:2:  hangedman_decor_points

Skill      XL: |  1  2  3  4  5  6  7 |
---------------+----------------------+-----
Axes           | 2 3 4 5 |  5.5
Dodging        | 1 2 3 |  3.2
Armour         | 3 4 |  4.8
Fighting       | 4 5 |  5.2
Invocations    | 3 4 |  4.6

Action                   |  1- 3 |  4- 6 |  7- 9 || total
-------------------------+-------+-------+-------++-------
Melee: Hand axe          |   129 |   254 |   181 ||   564
Invok: Depart the Abyss  |     1 |       |       ||     1
Evoke: Wand              |       |       |     1 ||     1
  Use: Potion            |     1 |       |     3 ||     4
       Scroll            |       |       |     5 ||     5
 Stab: Paralysed         |       |       |     6 ||     6
  Eat: Chunk             |     1 |    10 |     6 ||    17
       Ration            |       |       |     1 ||     1
Armor: Leather armour    |     8 |       |       ||     8
       Scale mail        |    62 |   188 |   126 ||   376
Dodge: Dodged            |    84 |   172 |    97 ||   353

Table legend:
 A = Spawn XP
 B = Non-spawn XP
 C = Spawn XP percentage of total XP
 D = Spawn monster count
 E = Non-spawn monster count
 F = Spawn count percentage of total count
 G = Total turns spent on level
                    A         B        C        D         E        F      G
               +---------+---------+-------+---------+---------+-------+---------
         Total |       0 |    1659 |   0.0 |       0 |     124 |   0.0 |  7075
               +---------+---------+-------+---------+---------+-------+---------
           D:1 |       0 |      34 |   0.0 |       0 |      19 |   0.0 |   567
           D:2 |       0 |     138 |   0.0 |       0 |      26 |   0.0 |  1518
           D:3 |       0 |     153 |   0.0 |       0 |      26 |   0.0 |   837
           D:4 |       0 |     177 |   0.0 |       0 |      13 |   0.0 |  1118
           D:5 |       0 |     356 |   0.0 |       0 |      15 |   0.0 |  1050
           D:6 |       0 |     745 |   0.0 |       0 |      19 |   0.0 |  1715
           D:7 |       0 |      56 |   0.0 |       0 |       6 |   0.0 |   163
               +---------+---------+-------+---------+---------+-------+---------
